 Dungeon Crawl Stone Soup version 0.19.5 (webtiles) character file.

10210 Onaxys the Cleaver (level 11, -1/86 HPs)
             Began as a Formicid Fighter on May 13, 2017.
             Was a Priest of Elyvilon.
             Slain by an orc warrior
             ... wielding a +0 halberd
              (21 damage)
             ... on level 11 of the Dungeon.
             The game lasted 00:52:35 (12534 turns).

Onaxys the Cleaver (Formicid Fighter)              Turns: 12534, Time: 00:52:35

Health: -1/86      AC: 14    Str: 23    XL:     11   Next: 88%
Magic:  11/11      EV:  8    Int:  9    God:    Elyvilon [***...]
Gold:   589        SH: 12    Dex: 14    Spells: 0 memorised, 10 levels left

rFire  . . .     SeeInvis +     m - +2 hand axe (distort)
rCold  . . .     Gourm    .     r - +0 plate armour
rNeg   . . .     Faith    +     c - +0 shield
rPois  .         Spirit   .     (helmet unavailable)
rElec  .         Reflect  .     (no cloak)
rCorr  .         Harm     .     (no gloves)
MR     +....                    (no boots)
Stlth  ..........               j - amulet of faith
                                (no ring)
                                u - +4 ring of dexterity

@: no status effects
A: permanent stasis, dig shafts and tunnels, four strong arms, antennae 3
a: Dig, Shaft Self, Lesser Healing, Heal Other, Purification, Divine Protection,
Renounce Religion


You were on level 11 of the Dungeon.
You worshipped Elyvilon.
Elyvilon was most pleased with you.
You were not hungry.

You visited 1 branch of the dungeon, and saw 11 of its levels.

You collected 679 gold pieces.
You spent 90 gold pieces at shops.

Inventory:

Hand Weapons
 a - a +0 long sword
 m - a +2 hand axe of distortion (weapon)
 D - a cursed -3 mace
 H - a cursed +2 dire flail
 N - a +0 giant club
 P - a +1 flail of crushing
 R - a +2 short sword of flaming
Armour
 c - a +0 shield (worn)
 r - a +0 plate armour (worn)
Magical Staves
 A - an uncursed staff of summoning {unknown}
Jewellery
 j - an amulet of faith (around neck)
 u - a +4 ring of dexterity (left hand)
 L - an uncursed ring of fire {unknown}
Wands
 l - a wand of teleportation (3/9)
 C - a wand of flame (10/48)
 E - a wand of iceblast (8/15)
Scrolls
 b - 3 scrolls of teleportation
 e - a scroll of blinking {unknown}
 h - 2 scrolls of fear
 k - a scroll of noise
 o - 3 scrolls of remove curse
 t - 3 scrolls of amnesia
 x - a scroll of silence {unknown}
 y - 2 scrolls of enchant armour {unknown}
 F - a scroll of vulnerability
 I - a scroll of identify
 M - a scroll of fog {unknown}
Potions
 d - a potion of might
 g - a potion of curing
 q - a potion of brilliance {unknown}
 s - 2 potions of flight {unknown}
 v - 2 potions of heal wounds
 w - 2 potions of invisibility {unknown}
 z - a potion of ambrosia {unknown}
 B - 3 potions of lignification
 J - a potion of degeneration {unknown}
 K - a potion of agility {unknown}
Books
 G - a book of Minor Magic

   Spells                             Type                      Level
   a - Magic Dart                     Conjuration                  1
   b - Blink                          Translocation                2
   c - Call Imp                       Summoning                    2
   d - Repel Missiles                 Charms/Air                   2
   e - Slow                           Hexes                        2
   f - Conjure Flame                  Conjuration/Fire             3
   g - Mephitic Cloud                 Conjuration/Poison/Air       3
 O - a book of Maledictions

   Spells                             Type                      Level
   a - Corona                         Hexes                        1
   b - Ensorcelled Hibernation        Hexes/Ice                    2
   c - Confuse                        Hexes                        3
   d - Tukima's Dance                 Hexes                        3
   e - Dazzling Spray                 Conjuration/Hexes            3
Comestibles
 f - 2 bread rations
 i - 4 meat rations
 n - 2 royal jellies
 p - 4 beef jerkies


   Skills:
 + Level 8.2 Fighting
 + Level 2.6 Long Blades
 + Level 10.9 Axes
 + Level 10.0 Armour
 + Level 1.4 Dodging
 + Level 1.0 Stealth
 + Level 10.8 Shields
 + Level 0.2 Invocations


You had 10 spell levels left.
You didn't know any spells.

Dungeon Overview and Level Annotations

Branches:
Dungeon (11/15)            Temple (0/1) D:5            Lair (0/6) D:10
    Orc (0/2) D:11

Altars:
Ashenzari
Elyvilon
Sif Muna
Xom
Yredelemnul
Zin

Shops:
D:9 [


Innate Abilities, Weirdness & Mutations

You are under a permanent stasis effect.
You can dig through walls and to a lower floor.
Your four strong arms can wield two-handed weapons with a shield.
You have a pair of large antennae on your head. (SInv)


Message History

The hill giant is severely wounded.
You completely miss the hill giant.
The hill giant is severely wounded.
The hill giant hits you with a giant spiked club!!
You slash the hill giant!
Space bends around the hill giant.
The hill giant is almost dead.
You slash the hill giant!
The hill giant is almost dead.
The hill giant blinks!
You block the orc warrior's attack.
The hill giant hits you with a giant spiked club!!
You hit the hill giant but do no damage.
The hill giant is almost dead.
The orc warrior hits you from afar with a halberd!
* * * LOW HITPOINT WARNING * * *
You slash the hill giant!
You kill the hill giant!
Your Armour skill increases to level 10!
The orc warrior hits you from afar with a halberd!!
You die...

#.....#.# .....# { #....#.. .#
...≈+{ { {#..<...# ... ...#{{{
#......# #..#######.≈##
##......####
#.#.....#...≈#####..........
#..........o.....##...#..# .
#...............# #((.####.
#.......)<..@.).# #........
#.......[[[.....# ##.##....#
#...)...[([)[...# #..##....#
#...........$...####(###..###
#................[........##.
##........[[..............%..
##.....................)....
#####...#......#..#..)).....:#.
#.....$...........###).).>...#.


You could see an orc warrior.

Vanquished Creatures
  Josephine (D:11)
  An unseen horror (D:11)
  A hill giant (D:11)
  A cyclops (D:11)
  Joseph (D:9)
  2 hippogriffs
  The ghost of snowfan the Conjurer, an amateur DEWz (D:4)
  3 yaks (D:10)
  4 wraiths
  A wyvern (D:10)
  3 hungry ghosts
  2 hell hounds (D:10)
  3 sky beasts
  2 ice beasts
  6 orc warriors
  5 phantoms
  2 ogres
  3 centaurs
  3 crocodiles
  4 bullfrogs
  3 scorpions
  8 killer bees (D:10)
  5 wights (D:10)
  A howler monkey (D:5)
  4 crimson imps
  2 quasits
  A centaur skeleton (D:8)
  2 jellies (D:8)
  10 orc priests
  2 hounds
  8 orc wizards
  Jessica (D:8)
  An iguana (D:6)
  10 worker ants
  3 hound zombies
  A howler monkey skeleton (D:7)
  2 gnolls (D:10)
  15 adders
  3 shadow imps
  2 oozes
  An adder skeleton (D:6)
  An adder zombie (D:5)
  2 worms (D:2)
  3 dart slugs
  5 leopard geckos
  70 orcs
  A ball python (D:4)
  11 bats
  A giant cockroach (D:7)
  9 goblins
  7 hobgoblins
  16 jackals
  10 kobolds
  6 quokkas
  7 frilled lizards
  2 gnoll zombies (D:6)
  A quokka skeleton (D:5)
  4 rats
  A plant (D:1)
291 creatures vanquished.

Vanquished Creatures (others)
  A wraith (D:11)
  An orc warrior (D:10)
  An ice beast (D:11)
  A sky beast (D:5)
  2 centaurs
  A phantom (D:9)
  2 ogres
  A bullfrog (D:10)
  A crimson imp (D:8)
  A jelly (D:9)
  2 hounds
  2 orc wizards
  2 orcs (D:11)
  A hobgoblin (D:4)
  A jackal (D:7)
20 creatures vanquished.

Grand Total: 311 creatures vanquished

Notes
Turn   | Place    | Note
-------+----------+-------------------------------------------
     0 | D:1      | Onaxys the Formicid Fighter began the quest for the Orb.
     0 | D:1      | Reached XP level 1. HP: 18/18 MP: 1/1
   128 | D:1      | Reached XP level 2. HP: 24/24 MP: 2/2
   421 | D:1      | Reached XP level 3. HP: 20/29 MP: 3/3
  1099 | D:2      | Reached XP level 4. HP: 18/37 MP: 4/4
  1716 | D:2      | Reached skill level 1 in Axes
  1978 | D:2      | Reached XP level 5. HP: 34/42 MP: 5/5
  3185 | D:4      | Reached XP level 6. HP: 44/48 MP: 6/6
  3226 | D:4      | Reached skill level 5 in Shields
  3240 | D:4      | Found a faded altar of an unknown god.
  3240 | D:4      | Found a faded altar of an unknown god.
  3248 | D:4      | Found a faded altar of an unknown god.
  3251 | D:4      | Found a faded altar of an unknown god.
  3253 | D:4      | Found a white marble altar of Elyvilon.
  3261 | D:4      | Reached skill level 1 in Dodging
  3282 | D:4      | Became a worshipper of Elyvilon the Healer
  3524 | D:4      | Found a shimmering altar of Xom.
  3743 | D:4      | Noticed a phantom
  3757 | D:4      | Killed a phantom
  3910 | D:4      | Noticed snowfan's ghost (amateur DEWz)
  3915 | D:4      | Killed snowfan's ghost
  3915 | D:4      | Reached XP level 7. HP: 50/54 MP: 7/7
  4087 | D:4      | Reached skill level 5 in Armour
  4119 | D:5      | Entered Level 5 of the Dungeon
  4218 | D:5      | Reached * piety under Elyvilon
  4285 | D:5      | Reached XP level 8. HP: 61/61 MP: 8/8
  4459 | D:5      | Reached skill level 5 in Axes
  4659 | D:5      | Reached ** piety under Elyvilon
  4918 | D:5      | Found a staircase to the Ecumenical Temple.
  5533 | D:6      | Reached skill level 5 in Fighting
  5543 | D:6      | Reached skill level 1 in Stealth
  5550 | D:6      | Reached XP level 9. HP: 43/68 MP: 9/9
  6024 | D:6      | Found a basalt altar of Yredelemnul.
  6229 | D:7      | Reached *** piety under Elyvilon
  6999 | D:8      | Found Zin's Purification Station.
  7004 | D:8      | Found a glowing silver altar of Zin.
  7007 | D:8      | Bought a potion of curing for 90 gold pieces
  7036 | D:8      | Noticed Joseph
  8085 | D:8      | Reached **** piety under Elyvilon
  8094 | D:8      | Found a shattered altar of Ashenzari.
  8246 | D:8      | Reached XP level 10. HP: 74/77 MP: 10/10
  8260 | D:8      | Noticed Jessica
  8270 | D:8      | Killed Jessica
  8279 | D:8      | Found a deep blue altar of Sif Muna.
  8644 | D:9      | Killed Joseph
  8905 | D:9      | Found Urcheen's Antique Armour Shoppe.
  9563 | D:10     | Entered Level 10 of the Dungeon
  9645 | D:10     | Reached ***** piety under Elyvilon
 10037 | D:10     | Found a staircase to the Lair.
 10253 | D:10     | Reached XP level 11. HP: 68/84 MP: 11/11
 10426 | D:10     | Found a shimmering altar of Xom.
 11113 | D:11     | Noticed Josephine
 11374 | D:10     | Reached skill level 10 in Axes
 11374 | D:10     | Reached skill level 10 in Shields
 11790 | D:11     | Killed Josephine
 11818 | D:11     | Noticed an unseen horror
 11825 | D:11     | Killed an unseen horror
 11958 | D:11     | Noticed a cyclops
 11992 | D:11     | Killed a cyclops
 12012 | D:11     | Found a staircase to the Orcish Mines.
 12164 | D:11     | Elyvilon protects you from harm!
 12170 | D:11     | Elyvilon protects you from harm!
 12176 | D:11     | Elyvilon protects you from harm!
 12176 | D:11     | HP: 4/86 [orc warrior/halberd (3)]
 12177 | D:11     | Elyvilon protects you from harm!
 12178 | D:11     | Elyvilon protects you from harm!
 12194 | D:11     | HP: 4/86 [troll (4)]
 12518 | D:11     | Noticed a hill giant
 12533 | D:11     | Killed a hill giant
 12533 | D:11     | Reached skill level 10 in Armour
 12534 | D:11     | Slain by an orc warrior

Skill      XL: |  1  2  3  4  5  6  7  8  9 10 11 |
---------------+----------------------------------+-----
Shields        | 4 5 6 7 9 10 | 10.8
Axes           | 1 2 3 4 6 8 9 10 | 10.9
Armour         | 4 5 6 7 8 10 | 10.0
Fighting       | 4 5 6 7 8 |  8.2
Dodging        | 1 |  1.4
Stealth        | 1 |  1.0
Long Blades    | |  2.6
Invocations    | |  0.2

Action                   |  1- 3 |  4- 6 |  7- 9 | 10-12 || total
-------------------------+-------+-------+-------+-------++-------
Melee: Long sword        |   121 |       |       |       ||   121
       Hand axe          |    24 |   172 |   304 |   486 ||   986
       Short sword       |       |       |       |    15 ||    15
Invok: Divine Protection |       |       |       |     2 ||     2
       Greater Healing   |       |       |       |     1 ||     1
 Abil: Dig               |     1 |     7 |    14 |     8 ||    30
  Use: Scroll            |       |     1 |     8 |       ||     9
       Potion            |       |       |       |     6 ||     6
  Eat: Chunk             |     1 |     8 |     6 |     7 ||    22
       Bread ration      |       |     1 |     2 |     2 ||     5
       Meat ration       |       |       |       |     1 ||     1
Armor: Scale mail        |    72 |    56 |       |       ||   128
       Plate armour      |       |       |    97 |   170 ||   267
Dodge: Dodged            |    62 |    41 |    37 |    96 ||   236
Block: Shield            |    78 |    80 |   125 |   270 ||   553
       Rpst.: Long sword |    18 |       |       |       ||    18
